 Dungeon Crawl Stone Soup version 0.27-a0-416-gca2cecf3c0 (webtiles) character file.

Game seed: 1799830910604092255

604 rageheart7 the Slasher (level 7, -1/53 HPs)
             Began as a Demonspawn Gladiator on Feb 24, 2021.
             Slain by a killer bee (9 damage)
             ... on level 5 of the Dungeon.
             The game lasted 00:04:43 (4948 turns).

rageheart7 the Slasher (Demonspawn Gladiator)       Turns: 4948, Time: 00:04:43

Health: -1/53      AC:  5    Str: 23    XL:     7   Next: 18%
Magic:  7/7        EV: 12    Int:  9    God:
Gold:   195        SH:  0    Dex: 14    Spells: 6/6 levels left

rFire    . . .     SeeInvis .   r - +1 rapier (speed)
rCold    . . .     Faith    .   (no shield)
rNeg     . . .     Spirit   .   b - +0 leather armour
rPois    .         Reflect  .   q - +1 helmet
rElec    .         Harm     .   (no cloak)
rCorr    .         Rampage  .   (no gloves)
Will     +....                  (no boots)
Stlth    +.........             (no amulet)
HPRegen  0.17/turn              i - +6 ring of strength
MPRegen  0.10/turn              k - ring of willpower

@: lethally poisoned (-1 -> -13)
A: claws 2, powered by death 2
a: no special abilities


You were on level 5 of the Dungeon.
You visited 1 branch of the dungeon, and saw 7 of its levels.

You collected 195 gold pieces.

Inventory:

Hand Weapons
 a - a +1 long sword
 r - a +1 rapier of speed (weapon)
Missiles
 d - 3 throwing nets (quivered)
Armour
 b - a +0 leather armour (worn)
 q - a +1 helmet (worn)
Jewellery
 i - a +6 ring of strength (left claw)
 k - a ring of willpower (right claw)
Scrolls
 f - a scroll of blinking {unknown}
 h - 2 scrolls of random uselessness
 o - a scroll of teleportation
 t - a scroll of amnesia {unknown}
 u - a scroll of identify {unknown}
Potions
 c - a potion of resistance {unknown}
 e - 2 potions of haste {unknown}
 g - 6 potions of curing
 j - a potion of heal wounds {unknown}
 l - 3 potions of brilliance {unknown}
 m - 2 potions of attraction {unknown}
 n - a potion of lignification {unknown}
 p - a potion of cancellation {unknown}
 s - a potion of flight {unknown}


   Skills:
 * Level 3.9 Fighting
 * Level 6.1 Long Blades
 - Level 1.7 Throwing
 + Level 2.7 Armour
 - Level 2.6 Dodging
 - Level 0.1 Stealth


You had 6 spell levels left.
You didn't know any spells.
Your spell library was empty.

Dungeon Overview and Level Annotations

Branches:
Dungeon (7/15)             Temple (0/1) D:7

Altars:
Elyvilon
Trog

Shops:
D:7 (


Innate Abilities, Weirdness & Mutations

You have very sharp fingernails.
You regenerate health from kills.


Message History

You kill the killer bee!
You feel sick.
You closely miss the killer bee.
The killer bee stings you but does no damage. x2
You closely miss the killer bee.
You feel sick. The killer bee barely misses you.
You miss the killer bee.
You feel sick. The killer bee barely misses you.
You hit the killer bee.
The killer bee is lightly wounded.
The killer bee completely misses you. The killer bee closely misses you.
You miss the killer bee.
The killer bee is lightly wounded.
You feel sick. The killer bee stings you.
* * * LOW HITPOINT WARNING * * *
You barely miss the killer bee.
The killer bee is lightly wounded.
You feel sick.
The killer bee stings you but does no damage. x2
You completely miss the killer bee.
The killer bee is lightly wounded.
The killer bee closely misses you.
You hit the killer bee.
The killer bee is lightly wounded.
You feel sick. The killer bee stings you.
* * * LOW HITPOINT WARNING * * *
You are lethally poisoned!
The killer bee poisons you!
You puncture the killer bee!
The killer bee is severely wounded.
* * * LOW HITPOINT WARNING * * *
You feel sick. The killer bee closely misses you. x2
You miss the killer bee.
The killer bee is severely wounded.
* * * LOW HITPOINT WARNING * * *
You feel sick. The killer bee stings you.
* * * LOW HITPOINT WARNING * * *
You hit the killer bee.
The killer bee is severely wounded.
The killer bee stings you!
You die...

#..# #.# #..# #.#
#..# #. #.#
##..####.## ##.##
#.# #..........
#...# #.#
#.######### #...#
#.# #J#########.#
#...# #.#
#y#...รท>....#
#...#######.#
#@#.#########
##...........###.#.#
.................#.#
.........#########.#
##...###.#########.#
##.## #...........#
### #############


You could see a killer bee and an ooze.

Vanquished Creatures
  Eustachio (D:4)
  2 bullfrogs
  2 killer bees (D:5)
  A hound (D:4)
  An iguana (D:4)
  2 worker ants (D:4)
  3 adders
  2 howler monkey skeletons
  5 worms
  3 dart slugs
  6 leopard geckos
  8 orcs
  6 bats
  4 giant cockroaches
  7 goblins
  4 hobgoblins
  6 kobolds
  4 quokkas
  A ball python (D:3)
  4 frilled lizards
  4 rats
76 creatures vanquished.

Vanquished Creatures (others)
  A plant (D:7)
1 creature vanquished.

Grand Total: 77 creatures vanquished

Notes
Turn   | Place    | Note
-------+----------+-------------------------------------------
     0 | D:1      | rageheart7 the Demonspawn Gladiator began the quest for the
                  | Orb.
     0 | D:1      | Reached XP level 1. HP: 16/16 MP: 1/1
   123 | D:1      | Reached skill level 3 in Long Blades
   129 | D:1      | Gained mutation: You have sharp fingernails. [demonic
                  | ancestry]
   129 | D:1      | Reached XP level 2. HP: 14/22 MP: 2/2
   793 | D:1      | Gained mutation: You regenerate a little health from kills.
                  | [demonic ancestry]
   793 | D:1      | Reached XP level 3. HP: 27/27 MP: 3/3
  1578 | D:2      | Reached skill level 4 in Long Blades
  1959 | D:2      | Gained mutation: You have very sharp fingernails. [demonic
                  | ancestry]
  1959 | D:2      | Reached XP level 4. HP: 15/34 MP: 4/4
  2445 | D:3      | Reached skill level 1 in Armour
  2992 | D:3      | Found a bloodstained altar of Trog.
  3302 | D:4      | Reached XP level 5. HP: 14/40 MP: 5/5
  3797 | D:4      | Noticed Eustachio
  3817 | D:4      | Killed Eustachio
  3818 | D:4      | Reached skill level 5 in Long Blades
  3818 | D:4      | Gained mutation: You regenerate health from kills. [demonic
                  | ancestry]
  3818 | D:4      | Reached XP level 6. HP: 31/47 MP: 6/6
  4438 | D:4      | You fall into a shaft and drop 3 floors!
  4440 | D:7      | Found a staircase to the Ecumenical Temple.
  4553 | D:7      | Found Ekharile's Weapon Shop.
  4568 | D:6      | Noticed an orc warrior
  4628 | D:5      | Entered Level 5 of the Dungeon
  4644 | D:5      | Reached XP level 7. HP: 9/53 MP: 7/7
  4913 | D:5      | Found a white marble altar of Elyvilon.
  4930 | D:5      | Reached skill level 6 in Long Blades
  4948 | D:5      | Slain by a killer bee

Illustrated notes

Levels and vault maps discovered:
D:1:      psy_arrival_fountain, layout_rooms
D:2:      layout_basic
D:3:      layout_basic, trog_butcher_becter
D:4:      layout_gridville, uniq_eustachio
D:5:      layout_loops_ring, old_standard_altar
D:6:      layout_gridville, serial_shops, kennysheep_little_box,
          nicolae_shop_window_shopping, kennysheep_dice, uniq_pikel,
          uniq_crazy_yiuf_cottage
D:7:      layout_rooms, minmay_temple_entry_glass, serial_shops,
          nicolae_shop_overgrown_old_shop, nicolae_shop_behind_doors,
          nicolae_shop_waterfront, shop

Skill      XL: |  1  2  3  4  5  6  7 |
---------------+----------------------+-----
Long Blades    | 3 4 5 6 |  6.1
Armour         | 1 2 |  2.7
Fighting       | 3 |  3.9
Throwing       | |  1.7
Dodging        | |  2.6
Stealth        | |  0.1

Action                   |  1- 3 |  4- 6 |  7- 9 || total
-------------------------+-------+-------+-------++-------
Melee: Long sword        |   129 |   110 |       ||   239
       Rapier            |       |    41 |    27 ||    68
  Use: Scroll            |       |     4 |       ||     4
       Potion            |       |     1 |       ||     1
 Stab: Sleeping          |     1 |     1 |       ||     2
Armor: Leather armour    |    41 |    36 |     7 ||    84
Dodge: Dodged            |    91 |   135 |    19 ||   245
       Rpst.: Long sword |    26 |    23 |       ||    49

Table legend: (Time is in decaauts)
 A = Elapsed time spent in this place.
 B = Non-inter-level travel time spent in this place.
 C = Inter-level travel time spent in this place.
 D = Time resting spent in this place.
 E = Time spent auto-exploring this place.
 F = Levels seen in this place.
 G = Mean time per level.
                   A        B        C        D        E       F      G
               +--------+--------+--------+--------+--------+-----+--------+
         Total |   4974 |   4927 |     47 |   1540 |   2684 |   7 |  710.6 |
       Dungeon |   4974 |   4927 |     47 |   1540 |   2684 |   7 |  710.6 |
               +--------+--------+--------+--------+--------+-----+--------+

Top non-repeatable levels by time:
     D:2: 1462 daAuts
     D:4: 1179 daAuts
     D:1: 950 daAuts
     D:3: 887 daAuts
     D:5: 308 daAuts
     D:7: 118 daAuts
     D:6: 68 daAuts
